 Dungeon Crawl Stone Soup version 0.14-a0-1499-g388a102 (webtiles) character file.

25992 Drahman the Fighter (level 12, -16/116 HPs)
             Began as a Lava Orc Fighter on Dec 16, 2013.
             Was a High Priest of Okawaru.
             Demolished by an ice devil (25 damage)
             ... summoned by an orc high priest
             ... on Level 4 of the Orcish Mines.
             The game lasted 01:01:41 (16142 turns).

Drahman the Fighter (Lava Orc Fighter)             Turns: 16142, Time: 01:01:42

HP -16/116       AC 32     Str 27      XL: 12   Next: 84%
MP  23/23        EV  7     Int  8      God: Okawaru [*****.]
Gold 1169        SH  0     Dex 12      Spells:  0 memorised, 11 levels left

rFire  + . .     SeeInvis .     S - +1,+2 executioner's axe (drain)
rCold  . . .     Clarity  .     M - +5 orc plate armour
rNeg   . . .     Conserve .     (no shield)
rPois  .         rCorr    .     V - +0 helmet
rElec  .         rRot     .     j - +2 cloak
SustAb . .       Spirit   .     (no gloves)
rMut   .         Warding  .     w - +1 pair of elf boots {Stlth+}
Saprov + . .     Stasis   .     k - amulet of rage
                                g - +3 ring of strength
                                W - +2 ring of dexterity

@: exhausted, very slightly contaminated, hasted, very quick, somewhat resistant
to hostile enchantments, extremely unstealthy
A: conserve scrolls, saprovore 1
a: Heroism, Finesse, Renounce Religion, Evoke Berserk Rage


You were on level 4 of the Orcish Mines.
You worshipped Okawaru.
Okawaru was extremely pleased with you.
You were not hungry.

You visited 3 branches of the dungeon, and saw 18 of its levels.

You collected 1549 gold pieces.
You spent 380 gold pieces at shops.

Inventory:

Hand weapons
 E - a +1,+0 orcish hand axe
 S - a +1,+2 executioner's axe of draining (weapon)
Armour
 c - a +1 orcish shield
 j - a +2 cloak (worn)
 w - a +1 pair of elven boots of stealth (worn)
 M - a +5 orcish plate armour (worn)
 V - a +0 helmet (worn)
Magical devices
 b - a wand of enslavement (9)
 s - a wand of magic darts (1)
 u - a wand of frost (2)
 y - a wand of fireball (0)
 H - a wand of cold (9)
 I - a wand of fireball (3)
 J - a wand of paralysis (6)
 K - a wand of draining (0)
 R - a wand of disintegration (13)
 U - a wand of cold (7)
Comestibles
 a - 2 lychees
 d - 5 meat rations
 p - 10 pears
 t - 7 bread rations
 C - 10 chokos
 O - 14 rambutans
 P - 5 bananas
Scrolls
 f - 10 scrolls of remove curse
 l - a scroll of noise
 m - a scroll of enchant armour
 q - 4 scrolls of identify
 r - 6 scrolls of amnesia
 z - 2 scrolls of immolation
 N - a scroll of fog
Jewellery
 e - a cursed ring of flight
 g - a +3 ring of strength (right hand)
 h - an uncursed amulet of warding
 k - an amulet of rage (around neck)
 x - a cursed ring of teleportation
 A - an uncursed ring of positive energy
 B - an uncursed ring of protection from cold
 D - an uncursed ring of sustenance
 G - an uncursed ring of see invisible
 W - a +2 ring of dexterity (left hand)
Potions
 i - 2 potions of invisibility
 n - a potion of might
 v - 7 potions of curing
 Q - 2 potions of agility


   Skills:
 * Level 13.8 Fighting
 * Level 13.8 Axes
 * Level 10.0 Armour
 + Level 1.0 Dodging
   Level 8.5 Shields
 + Level 7.5 Invocations
 + Level 7.5 Evocations


You had 11 spell levels left.
You didn't know any spells.

Dungeon Overview and Level Annotations

Branches:
Dungeon (13/16)            Temple (1/1) D:7             Orc (4/4) D:12
    Elf (0/3) Orc:4          Lair (0/8) D:8

Altars:
Ashenzari
Cheibriados
Elyvilon
Fedhas
Kikubaaqudgha
Makhleb
Nemelex Xobeh
Okawaru
Sif Muna
Trog
Vehumet
Xom
Yredelemnul
Zin
the Shining One
Beogh

Shops:
D:10 [(!   Orc:2 %   Orc:4 (=

Portals:
Trove: D:12 (show slimy rune of Zot)

Annotations:
D:10 Sonja


Innate Abilities, Weirdness & Mutations

You have stony skin.
Your flesh is heat resistant.
Your flesh is vulnerable to cold.
Your heat harms attackers.
You bathe your surroundings in blazing heat.
You are too hot to use scrolls.
You are very good at protecting items from fire.
You can tolerate rotten meat.


Message History

The orc high priest hits you but does no damage.
You are very lightly contaminated with residual magic.
You hit the orc high priest. You drain the orc high priest!
The orc high priest shouts, "Beogh is our master!
Accept the truth or die!"
The orc high priest is lightly wounded.
You slice the ice devil!!
The ice devil is moderately wounded.
The ice devil hits you but does no damage.
The orc high priest calls down the wrath of Beogh upon you.
Pain shoots through your body!
* * * LOW HITPOINT WARNING * * *
Read which item? (? for menu, Esc to quit)
As you read the scroll of fear, it crumbles to dust.
You assume a fearsome visage.
The ice devil is unaffected.
The orc high priest looks frightened!
You feel yourself speed up. The ice devil hits you!
* * * LOW HITPOINT WARNING * * *
The ice devil freezes you!
You die...

......#.#....### ####....#.##
.....#.....#############..###
...................... ....
...................... .....
..#..#######.###.###.#######
..#..#∩....#.# #.# #.# _..#
.##..#.....#.###.###.# ...#
.#...#.....#....3o)))# ...
.....#..)).#.###@###)###)###..#
.....###'###.# #.# #..oo).....#
......%%%....# #.#
#..8...8.....
..#..###'##..###.###..........#
###..#....#...................#
#..#....#..#######.###.###..#
#..#∩...#..# #.# .# .
#..######..# #.# .# #... ....
... ..


You could see an ice devil and an orc high priest (fleeing).

Vanquished Creatures
  Gastronok (D:10)
  A stone giant (Orc:3)
  Josephine (Orc:3)
  Harold (Orc:2)
  A hydra (D:13)
  Erolcha (D:11)
  The ghost of Daniel the Cleaver, an experienced HOGl of Nemelex Xobeh (D:11)
  2 orc high priests (Orc:4)
  2 hill giants
  The ghost of kuzmorgo the Covert, an experienced SpEn of Nemelex Xobeh (D:9)
  4 cyclopes
  An oklob plant (D:13)
  An elephant (D:8)
  A yaktaur (shapeshifter) (D:8)
  A hydra zombie (D:13)
  3 trolls
  2 two-headed ogres
  A griffon zombie (D:11)
  A wraith (D:13)
  2 hungry ghosts
  7 vampire mosquitoes (D:13)
  Grum (D:10)
  2 elephant slugs (D:8)
  A hill giant skeleton (D:12)
  A hippogriff (D:9)
  The ghost of mathso the Slasher, an average FoFi (D:3)
  Eustachio (D:5)
  8 yaks
  2 wyverns
  4 wolves (D:10)
  20 orc warriors
  A manticore (D:12)
  2 ice beasts
  13 ogres
  A black bear (D:8)
  6 phantoms
  2 tengu (D:9)
  8 centaurs
  A yellow wasp (D:13)
  Duvessa (D:4)
  3 crocodiles
  2 big kobolds
  A water moccasin (D:12)
  2 wargs (Orc:4)
  4 giant frogs
  A gnoll sergeant (D:9)
  2 eyes of draining
  3 jellies
  9 wights
  7 killer bees
  A troll skeleton (D:12)
  Dowan (D:4)
  3 goliath beetles
  3 crimson imps
  33 orc priests
  A quasit (D:9)
  22 orc wizards
  2 centaur skeletons
  3 hounds
  2 scorpions
  A basilisk skeleton (D:12)
  10 worker ants
  4 iguanas
  A sheep (D:8)
  A big kobold skeleton (D:12)
  A hound zombie (D:7)
  2 mummies
  7 adders
  9 gnolls (D:9)
  2 giant centipedes (D:11)
  An ogre simulacrum (Orc:3)
  A giant mite (D:5)
  4 worms
  A giant centipede zombie (D:11)
  4 giant eyeballs
  4 giant geckos
  An ooze (D:6)
  172 orcs
  2 ball pythons
  15 bats
  A bat skeleton (D:6)
  3 giant cockroaches
  18 hobgoblins
  24 jackals
  A quokka (D:3)
  A giant gecko skeleton (D:7)
  4 giant newts
  18 goblins
  A goblin skeleton (Orc:3)
  23 kobolds
  A kobold skeleton (D:6)
  An orc skeleton (Orc:3)
  4 orc zombies
  18 rats
  A rat skeleton (D:5)
  A plant (D:13)
580 creatures vanquished.

Vanquished Creatures (others)
  A wizard (D:10)
1 creature vanquished.

Grand Total: 581 creatures vanquished

Notes
Turn   | Place    | Note
--------------------------------------------------------------
     0 | D:1      | Drahman, the Lava Orc Fighter, began the quest for the Orb.
     0 | D:1      | Reached XP level 1. HP: 19/19 MP: 1/1
    85 | D:1      | Reached XP level 2. HP: 24/27 MP: 2/2
   293 | D:1      | Reached skill level 4 in Fighting
   663 | D:2      | Reached XP level 3. HP: 31/33 MP: 3/3
  1504 | D:3      | Reached XP level 4. HP: 32/41 MP: 4/4
  1517 | D:3      | Noticed mathso's ghost (average FoFi)
  1563 | D:3      | Killed mathso's ghost
  1563 | D:3      | Reached skill level 5 in Fighting
  1563 | D:3      | Reached XP level 5. HP: 4/48 MP: 5/5
  2374 | D:4      | Noticed Duvessa
  2380 | D:4      | Noticed Dowan
  2390 | D:4      | Killed Duvessa
  2390 | D:4      | Reached XP level 6. HP: 29/56 MP: 6/6
  2406 | D:4      | Killed Dowan
  2406 | D:4      | Reached skill level 5 in Axes
  2800 | D:4      | Reached skill level 6 in Fighting
  2831 | D:4      | Noticed an ogre
  2853 | D:4      | Killed an ogre
  2853 | D:4      | Reached XP level 7. HP: 14/63 MP: 7/7
  3081 | D:4      | Noticed a phantom
  3108 | D:4      | Killed a phantom
  3356 | D:5      | Entered Level 5 of the Dungeon
  3362 | D:5      | Noticed Eustachio
  3378 | D:5      | Killed Eustachio
  3378 | D:5      | Reached skill level 5 in Armour
  3378 | D:5      | Reached skill level 5 in Shields
  3381 | D:5      | Reached skill level 7 in Fighting
  3480 | D:5      | Reached XP level 8. HP: 43/73 MP: 8/8
  3767 | D:5      | Paralysed by a potion of paralysis for 6 turns
  3929 | D:5      | Paralysed by a giant eyeball for 2 turns
  4014 | D:5      | Got an encrusted chain mail
  4036 | D:5      | Identified the +1 chain mail of the Tundras {Dex+3 Stlth+} (You took it off an orc on level 5 of the Dungeon)
  4216 | D:6      | Reached skill level 1 in Evocations
  4276 | D:6      | Reached skill level 8 in Fighting
  4570 | D:6      | Paralysed by a giant eyeball for 2 turns
  4667 | D:6      | Found a glowing silver altar of Zin.
  4667 | D:6      | Found a white marble altar of Elyvilon.
  4668 | D:6      | Found a radiant altar of Vehumet.
  5082 | D:7      | Found a staircase to the Ecumenical Temple.
  5257 | Temple   | Entered the Ecumenical Temple
  5454 | Temple   | Became a worshipper of Warmaster Okawaru
  5620 | D:8      | Noticed an elephant
  5627 | D:8      | Noticed a two-headed ogre
  5646 | D:8      | Killed an elephant
  5646 | D:8      | Reached XP level 9. HP: 75/82 MP: 13/13
  5654 | D:8      | Reached skill level 9 in Fighting
  5660 | D:8      | Killed a two-headed ogre
  5660 | D:8      | Acquired Okawaru's first power
  5690 | D:8      | Found a staircase to the Lair.
  6166 | D:8      | Noticed a yaktaur
  6169 | D:8      | Noticed a hill giant
  6177 | D:8      | Killed a hill giant
  6186 | D:8      | Killed a yaktaur
  6186 | D:8      | Reached skill level 10 in Fighting
  6188 | D:8      | Noticed a cyclops
  6206 | D:8      | Killed a cyclops
  6206 | D:8      | Reached skill level 10 in Axes
  6206 | D:8      | Reached XP level 10. HP: 53/93 MP: 17/17
  6907 | D:9      | Noticed kuzmorgo's ghost (experienced SpEn)
  6931 | D:9      | Killed kuzmorgo's ghost
  7181 | D:9      | Reached skill level 5 in Evocations
  8224 | D:10     | Entered Level 10 of the Dungeon
  8232 | D:10     | Noticed Grum
  8236 | D:10     | Reached skill level 11 in Fighting
  8247 | D:10     | Killed Grum
  8529 | D:10     | Found Heynisabyn's Distillery.
  8529 | D:10     | Noticed Gastronok
  8576 | D:10     | Killed Gastronok
  8576 | D:10     | Acquired Okawaru's second power
  8576 | D:10     | Reached XP level 11. HP: 76/102 MP: 17/20
  8681 | D:10     | Found a white marble altar of Elyvilon.
  8958 | D:10     | Found Alaleari's Antique Armour Shop.
  8964 | D:10     | Noticed Sonja
  8966 | D:10     | Noticed a hill giant
  9075 | D:10     | Found a bloodstained altar of Trog.
  9076 | D:10     | Noticed a wizard
  9085 | D:10     | Killed a wizard
  9141 | D:10     | Found Mah Osal's Antique Weapon Boutique.
  9144 | D:10     | Bought a potion of curing for 26 gold pieces
  9144 | D:10     | Bought a potion of resistance for 91 gold pieces
  9144 | D:10     | Bought a potion of agility for 32 gold pieces
  9179 | D:11     | Noticed Erolcha
  9180 | D:11     | Paralysed by Erolcha for 5 turns
  9816 | D:11     | Noticed Daniel's ghost (experienced HOGl)
  9827 | D:11     | Killed Daniel's ghost
  9827 | D:11     | Reached skill level 12 in Fighting
 10667 | D:11     | Paralysed by Erolcha for 4 turns
 10687 | D:11     | Killed Erolcha
 10687 | D:11     | Reached skill level 1 in Invocations
 11010 | D:12     | Received a gift from Okawaru
 11168 | D:12     | Noticed a hill giant
 11173 | D:12     | Killed a hill giant
 11848 | D:12     | Found a portal to a secret trove of treasure.
 11887 | D:12     | Found a staircase to the Orcish Mines.
 11955 | D:13     | Reached XP level 12. HP: 104/113 MP: 22/22
 11979 | D:13     | Noticed a four-headed hydra
 11985 | D:13     | Killed a six-headed hydra
 11985 | D:13     | Received a gift from Okawaru
 12368 | D:13     | Reached skill level 5 in Invocations
 12435 | D:13     | Reached skill level 13 in Fighting
 12812 | Orc:1    | Entered Level 1 of the Orcish Mines
 13483 | Orc:2    | Found Frumisiw's Food Boutique.
 14087 | Orc:3    | Noticed Josephine
 14107 | Orc:3    | Noticed a stone giant
 14124 | Orc:3    | Killed a stone giant
 14498 | Orc:3    | Found a radiant altar of Vehumet.
 14703 | Orc:3    | Noticed Harold
 14710 | Orc:2    | Killed Harold
 14797 | Orc:3    | Killed Josephine
 14928 | Orc:4    | Entered Level 4 of the Orcish Mines
 14948 | Orc:4    | Found a staircase to the Elven Halls.
 15334 | Orc:4    | Reached skill level 10 in Armour
 15509 | Orc:4    | Found Foishicu's Weapon Shop.
 15735 | Orc:4    | Found Saastara's Jewellery Shoppe.
 16074 | Orc:4    | Bought a cursed ring of teleportation for 231 gold pieces
 16109 | Orc:4    | Reached skill level 1 in Dodging
 16119 | Orc:4    | Found a roughly hewn altar of Beogh.
 16142 | Orc:4    | Demolished by an ice devil

Action                   |  1- 3 |  4- 6 |  7- 9 | 10-12 || total
-------------------------+-------+-------+-------+-------++-------
Melee: Hand axe          |   115 |   151 |   376 |   652 ||  1294
       Executioner's axe |       |       |       |   382 ||   382
Invok: Heroism           |       |       |     2 |    12 ||    14
       Finesse           |       |       |       |     6 ||     6
 Abil: Evoke Berserk Rag |       |       |       |     2 ||     2
Evoke: Wand              |       |     1 |    11 |    19 ||    31
  Use: Scroll            |     4 |     9 |     7 |    14 ||    34
       Potion            |     6 |     1 |     4 |     9 ||    20
